 Dungeon Crawl Stone Soup version 0.30-a0-782-ge64f9170bb (webtiles) character file.

Game seed: 4592456443722392393

27014 DavidChitty2 the Severer (level 13, -5/123 HPs)
             Began as a Minotaur Berserker on Feb 9, 2023.
             Was an Elder of Trog.
             Slain by a ten-headed hydra (6 damage)
             ... on level 3 of the Lair of Beasts on Feb 21, 2023.
             The game lasted 00:25:11 (15680 turns).

DavidChitty2 the Severer (Minotaur Berserker)      Turns: 15680, Time: 00:25:11

Health: -5/123     AC: 24    Str: 27    XL:     13   Next: 2%
Magic:  12/12      EV:  9    Int:  4    God:    Trog [****..]
Gold:   1089       SH:  0    Dex: 16    Spells: 12/12 levels left

rFire   . . .      SeeInvis .    a - +1 hand axe (elec)
rCold   . . .      Faith    .    (no shield)
rNeg    . . .      Spirit   .    l - +0 plate armour
rPois   .          Reflect  .    (helmet restricted)
rElec   .          Harm     .    j - +1 cloak
rCorr   .          Rampage  .    Q - +0 pair of gloves
Will    ++...                    (no boots) Stlth
                                 (no amulet)
HPRegen 1.40/turn                A - +4 ring of protection
MPRegen 0.13/turn                H - +6 ring of dexterity

@: strong-willed, regenerating
A: horns 2, retaliatory headbutt
a: Renounce Religion, Berserk, Trog's Hand, Brothers in Arms


You were on level 3 of the Lair of Beasts.
You worshipped Trog.
Trog was greatly pleased with you.
You visited 3 branches of the dungeon, and saw 16 of its levels.

You collected 1089 gold pieces.

Inventory:

Hand Weapons
 a - a +1 hand axe of electrocution (weapon)
   (You took it off an orc on level 8 of the Dungeon)
 b - a +2 whip of venom
   (You took it off a kobold on level 10 of the Dungeon)
 I - the +5 rapier "Bytapt" {flame, Fragile rPois SInv}
   (You found it on level 10 of the Dungeon)

   rPois:     It protects you from poison.
   SInv:      It lets you see invisible.
   Fragile:   It will be destroyed if unequipped.
Missiles
 D - a throwing net (quivered) {!f}
Armour
 e - the +0 fire dragon scales of Aleafi {rPois rF++ rC- Str+3}
   (You found it on level 3 of the Lair of Beasts)

   Str:       It affects your strength (+3).
   rF:        It greatly protects you from fire.
   rC:        It makes you vulnerable to cold.
   rPois:     It protects you from poison.
 j - a +1 cloak (worn)
   (You found it on level 4 of the Dungeon)
 l - a +0 plate armour (worn)
   (You found it on level 2 of the Dungeon)
 Q - a +0 pair of gloves (worn)
   (You found it on level 2 of the Lair of Beasts)
Jewellery
 m - a +6 ring of intelligence
   (You found it on level 4 of the Dungeon)
 o - a ring of fire
   (You found it on level 2 of the Dungeon)
 s - a ring of magical power
   (You found it on level 3 of the Dungeon)
 A - a +4 ring of protection (left hand)
   (You found it on level 7 of the Dungeon)
 H - a +6 ring of dexterity (right hand)
   (You found it on level 8 of the Dungeon)
 M - a ring of ice
   (You found it on level 1 of the Dungeon)
Wands
 d - a wand of iceblast (5)
   (You found it on level 1 of the Lair of Beasts)
 t - a wand of flame (32)
   (You found it on level 5 of the Dungeon)
 v - a wand of digging (3)
   (You found it on level 1 of the Lair of Beasts)
 y - a wand of mindburst (26)
   (You found it on level 5 of the Dungeon)
 E - a wand of quicksilver (12)
   (You found it on level 7 of the Dungeon)
 L - a wand of charming (6)
   (You found it on level 9 of the Dungeon)
 N - a wand of polymorph (7)
   (You found it on level 5 of the Dungeon)
Scrolls
 c - 3 scrolls of immolation {!r}
 f - 4 scrolls of fog
 g - a scroll of blinking
 i - 6 scrolls of teleportation {@r4}
 B - 3 scrolls of fear
 C - 3 scrolls of enchant armour
 F - 3 scrolls of magic mapping
 R - a scroll of poison {!r}
Potions
 h - 4 potions of flight {unknown}
 k - 5 potions of lignification {unknown}
 n - 5 potions of brilliance {unknown}
 p - 4 potions of might
 q - 3 potions of mutation {!q}
 r - 3 potions of magic {unknown}
 u - a potion of cancellation {unknown}
 w - 5 potions of haste {@q3}
 x - 5 potions of curing {@q1}
 z - a potion of ambrosia
 G - 3 potions of berserk rage {unknown}
 J - 2 potions of heal wounds {unknown}
 K - 3 potions of attraction {!q}
 O - a potion of experience {unknown}
 P - a potion of invisibility {unknown}


   Skills:
 + Level 13.7 Fighting
 * Level 18.6 Axes
 + Level 13.5 Armour
 - Level 2.1 Dodging


You had 12 spell levels left.
You didn't know any spells.
Your spell library was empty.

Dungeon Overview and Level Annotations

Branches:
Dungeon (12/15)            Temple (1/1) D:4            Lair (3/5) D:9
 Shoals (0/4) Lair:2        Snake (0/4) Lair:2          Orc (0/2) D:9

Altars:
Ashenzari
Cheibriados
Dithmenos
Elyvilon
Fedhas
Gozag
Hepliaklqana
Kikubaaqudgha
Makhleb
Nemelex Xobeh
Okawaru
Qazlal
Ru
Sif Muna
Trog
Uskayaw
Vehumet
Wu Jian
Xom
Yredelemnul
Zin
The Shining One

Shops:
D:4 *

Annotations:
D:4 1 runed translucent door, junb69's ghost, amateur OpTm


Innate Abilities, Weirdness & Mutations

You have a pair of horns on your head.
You reflexively headbutt those who attack you in melee.


Message History

The blink frog hits you but does no damage.
The blink frog blinks!
You fail to use your ability.
The blink frog hits you.
* * * LOW HITPOINT WARNING * * *
The blink frog blinks! x2
You fail to use your ability.
You fail to use your ability.
You fail to use your ability.
The blink frog blinks!
The blink frog completely misses you. You furiously retaliate!
You headbutt the blink frog!
You fail to use your ability.
The blink frog hits you.
* * * LOW HITPOINT WARNING * * *
The blink frog blinks!
You fail to use your ability.
The blink frog blinks!
Your ogre goes berserk!
The ten-headed hydra misses you. You furiously retaliate!
You headbutt the ten-headed hydra.
The ten-headed hydra bites you but does no damage.
The ten-headed hydra bites you.
* * * LOW HITPOINT WARNING * * *
The ten-headed hydra bites you.
* * * LOW HITPOINT WARNING * * *
The ten-headed hydra bites you but does no damage. x2
The ten-headed hydra closely misses you.
The ten-headed hydra bites you but does no damage. x3
The blink frog blinks!
Unknown command.
The ten-headed hydra attacks as you move away!
The ten-headed hydra bites you but does no damage.
The ten-headed hydra bites you!
* * * LOW HITPOINT WARNING * * *
The ten-headed hydra bites you but does no damage. x3
The ten-headed hydra bites you!
* * * LOW HITPOINT WARNING * * *
The ten-headed hydra bites you.
* * * LOW HITPOINT WARNING * * *
The ten-headed hydra bites you but does no damage. x3
Your ogre hits the ten-headed hydra with a +0 giant club!!!
The ten-headed hydra attacks as you move away!
The ten-headed hydra bites you but does no damage. x3
The ten-headed hydra bites you.
* * * LOW HITPOINT WARNING * * *
The ten-headed hydra bites you!
* * * LOW HITPOINT WARNING * * *
The ten-headed hydra bites you.
* * * LOW HITPOINT WARNING * * *
The ten-headed hydra bites you but does no damage.
The ten-headed hydra bites you.
You die...

....#P........# #....
...####.....^.## ./...# ....#
##...P##.# ....## #...#
##.....## ...# # ...÷#####.....#
# ##.÷.##..##..#### #### ######
#...#........#.####PP######.##..
##..............:...............
###.........[.@D.O.............
##...>....#....†.....#......#
###........#.###...P#####..###
#...........###..###########
#...........###..###.#.##
###........#............#
##..##..##...........##
#####...............#
##.#####...######


You could see a ten-headed hydra (ally target) and a friendly ogre (summoned,
berserk).

Vanquished Creatures
  A hydra (Lair:3)
  A two-headed ogre (D:11)
  A boulder beetle (Lair:2)
  Urug (D:11)
  6 death yaks
  Pikel (D:8)
  2 cyclopes
  A guardian serpent (Lair:2)
  A black mamba (Lair:3)
  2 cane toads (Lair:1)
  A rime drake (Lair:1)
  2 unseen horrors
  5 komodo dragons
  A troll (D:9)
  A polar bear (Lair:2)
  A hornet (D:9)
  8 blink frogs
  A shadow (D:11)
  5 wyverns
  3 vampires
  2 steam dragons
  14 yaks
  2 vampire mosquitoes (D:11)
  2 wargs (D:9)
  3 acid dragons
  3 water moccasins
  4 ice beasts
  2 black bears (D:5)
  12 orc warriors
  2 sky beasts
  11 ogres
  10 wolves
  A lemure (D:8)
  7 centaurs
  6 kobold brigands
  A phantom (D:5)
  9 bullfrogs
  5 gnoll sergeants
  3 scorpions
  15 wights
  18 killer bees
  5 howler monkeys
  2 hounds
  9 orc priests
  6 jellies
  3 gnoll boudas
  Jessica (D:2)
  7 hell rats (Lair:1)
  6 iguanas
  9 orc wizards
  18 gnolls
  6 adders
  2 shadow imps
  2 white imps (D:5)
  4 worms
  2 dart slugs
  42 orcs
  8 bats
  19 endoplasms
  2 giant cockroaches
  6 goblins
  6 hobgoblins
  8 jackals
  14 kobolds
  7 quokkas
  6 ball pythons
  4 frilled lizards
  6 rats
387 creatures vanquished.

Vanquished Creatures (collateral kills)
  A hydra (Lair:3)
  A rime drake (Lair:3)
  An orc warrior (D:11)
  A kobold brigand (D:9)
  A bullfrog (D:9)
  An orc wizard (D:9)
  2 kobolds (D:9)
8 creatures vanquished.

Vanquished Creatures (others)
  2 orcs (D:8)
  11 fungi
  19 plants
32 creatures vanquished.

Grand Total: 427 creatures vanquished

Notes
Turn   | Place    | Note
-------+----------+-------------------------------------------
     0 | D:1      | DavidChitty2 the Minotaur Berserker began the quest for the
                  | Orb.
     0 | D:1      | Reached XP level 1. HP: 19/19 MP: 0/0
    73 | D:1      | Reached skill level 4 in Axes
    73 | D:1      | Reached XP level 2. HP: 25/27 MP: 1/1
   378 | D:1      | Reached ** piety under Trog
   379 | D:1      | Reached XP level 3. HP: 33/33 MP: 2/2
   887 | D:2      | Found a faded altar of an unknown god.
  1088 | D:2      | Reached XP level 4. HP: 41/41 MP: 3/3
  1144 | D:2      | Reached skill level 5 in Axes
  1221 | D:2      | Noticed Jessica
  1225 | D:2      | Killed Jessica
  1448 | D:3      | Reached XP level 5. HP: 42/47 MP: 4/4
  1536 | D:3      | Reached skill level 5 in Fighting
  1536 | D:3      | Reached skill level 6 in Axes
  1562 | D:3      | Reached XP level 6. HP: 52/56 MP: 5/5
  1755 | D:3      | Found a glowing golden altar of the Shining One.
  1755 | D:3      | Found a shimmering blue altar of Sif Muna.
  1755 | D:3      | Found a shadowy altar of Dithmenos.
  1756 | D:3      | Found an ornate altar of the Wu Jian Council.
  1902 | D:3      | Reached *** piety under Trog
  2432 | D:4      | Found a staircase to the Ecumenical Temple.
  2451 | Temple   | Entered the Ecumenical Temple
  2688 | D:4      | Found Giyfyf Yrof's General Store.
  2774 | D:4      | Found a runed translucent door.
  2777 | D:4      | Noticed junb69's ghost (amateur OpTm)
  2959 | D:4      | Found a sacrificial altar of Ru.
  3121 | D:5      | Entered Level 5 of the Dungeon
  3130 | D:5      | Reached skill level 7 in Axes
  3317 | D:5      | Noticed an ice beast
  3327 | D:5      | Killed an ice beast
  3328 | D:5      | Reached skill level 5 in Armour
  3328 | D:5      | Reached XP level 7. HP: 62/62 MP: 6/6
  3402 | D:5      | Reached skill level 8 in Axes
  3557 | D:5      | Reached XP level 8. HP: 69/71 MP: 7/7
  3610 | D:5      | Reached skill level 9 in Axes
  3704 | D:5      | Reached **** piety under Trog
  4376 | D:6      | Reached skill level 10 in Axes
  4670 | D:6      | Reached XP level 9. HP: 49/79 MP: 8/8
  4931 | D:6      | Found a stormy altar of Qazlal.
  5030 | D:6      | Reached skill level 11 in Axes
  6456 | D:7      | Reached skill level 12 in Axes
  7022 | D:7      | Found a broken altar of Ashenzari.
  7515 | D:8      | Reached XP level 10. HP: 58/91 MP: 9/9
  7546 | D:8      | Reached skill level 13 in Axes
  8068 | D:8      | Noticed Pikel
  8073 | D:8      | Killed Pikel
  8232 | D:8      | Reached skill level 10 in Fighting
  8304 | D:8      | Noticed a cyclops
  8311 | D:8      | Killed a cyclops
  8578 | D:9      | Found a staircase to the Lair.
  8585 | D:9      | Reached skill level 10 in Armour
  8592 | D:9      | Reached skill level 14 in Axes
  9125 | D:9      | Reached XP level 11. HP: 46/101 MP: 10/10
  9621 | D:9      | Found a staircase to the Orcish Mines.
  9651 | D:9      | Reached skill level 15 in Axes
  9989 | D:10     | Entered Level 10 of the Dungeon
 10184 | D:10     | Reached ***** piety under Trog
 10362 | D:10     | Identified the +5 rapier "Bytapt" {flame, Fragile rPois
                  | SInv}
 10881 | D:11     | Noticed a two-headed ogre
 10888 | D:11     | Killed a two-headed ogre
 10924 | D:11     | Noticed Urug
 10971 | D:11     | Killed Urug
 11280 | D:11     | Reached skill level 16 in Axes
 11976 | D:9      | Upgraded the game from 0.30-a0-756-gc2185399d4 to
                  | 0.30-a0-778-g2ef04afb54
 12029 | Lair:1   | Entered Level 1 of the Lair of Beasts
 12363 | Lair:1   | Reached XP level 12. HP: 104/109 MP: 11/11
 12895 | Lair:1   | Reached skill level 17 in Axes
 13317 | Lair:2   | Noticed a death yak
 13317 | Lair:2   | Noticed a death yak
 13318 | Lair:2   | Noticed a death yak
 13318 | Lair:2   | Noticed a death yak
 13319 | Lair:2   | Noticed a death yak
 13320 | Lair:2   | Noticed a death yak
 13334 | Lair:1   | Killed a death yak
 13460 | Lair:1   | Killed a death yak
 13597 | Lair:1   | Killed a death yak
 13626 | Lair:1   | Killed a death yak
 13767 | Lair:1   | Killed a death yak
 13907 | Lair:2   | Killed a death yak
 14200 | Lair:2   | Found a staircase to the Shoals.
 14291 | Lair:2   | Noticed a boulder beetle
 14308 | Lair:2   | Killed a boulder beetle
 14309 | Lair:2   | Reached skill level 18 in Axes
 14469 | Lair:2   | Found a staircase to the Snake Pit.
 14989 | Lair:3   | Identified the +0 fire dragon scales of Aleafi {rPois rF++
                  | rC- Str+3}
 15012 | Lair:2   | Upgraded the game from 0.30-a0-778-g2ef04afb54 to
                  | 0.30-a0-782-ge64f9170bb
 15138 | Lair:3   | Noticed an eight-headed hydra
 15159 | Lair:3   | Killed a ten-headed hydra
 15476 | Lair:3   | Noticed a five-headed hydra
 15490 | Lair:3   | Killed a five-headed hydra
 15630 | Lair:3   | Reached XP level 13. HP: 101/123 MP: 12/12
 15680 | Lair:3   | HP: 4/123 [ten-headed hydra (11)]
 15680 | Lair:3   | HP: 1/123 [ten-headed hydra (3)]
 15680 | Lair:3   | Slain by a ten-headed hydra

Illustrated notes

Levels and vault maps discovered:
D:1:      psy_arrival_terrarium, layout_loops_ring
D:2:      layout_rooms, shapermc_ecumenical_altar_flowoftime,
          wander_ebering_terrifying_dragon_lair, uniq_jessica
D:3:      layout_basic, minitemple, kennysheep_generic_room_8
D:4:      layout_cave_pools, nicolae_ru_the_path_less_chosen,
          minmay_temple_entry_glassed_door, hellmonk_ghost_happy_afterlife,
          serial_shops, nicolae_stop_n_shop_1, grunt_decor_mini_mirrors,
          grunt_ministairs_6
D:5:      minmay_recursive_quarters, layout_basic
D:6:      layout_cave_pods, general_overflow_altar
D:7:      layout_basic, ashenzari_altar_1
D:8:      cheibrodos_fzero, layout_basic, uniq_pikel
D:9:      layout_basic, erik_lair_orcish_takeover,
          kennysheep_orc_monster_closet_entryway, minivault_16,
          chequers_serial_rivers_micro_a
D:10:     layout_basic
D:11:     layout_loops_cross, special_room [special_room_orc],
          minmay_variable_closet, uniq_urug
D:12:     layout_gridville
Temple:   bh_familiar_temple
Lair:1:   layout_long_grid, wad_woods_road_06, amcnicky_mini_pool_medium
Lair:2:   layout_cave_pods, shoals_dummy_entry, minmay_snake_entry_spellcaster,
          nzn_sisyphean_effort
Lair:3:   layout_concentric_octagons, st_stairs_5,
          chequers_serial_rivers_small_3

Skill      XL: |  1  2  3  4  5  6  7  8  9 10 11 12 |
---------------+-------------------------------------+-----
Axes           | 4 5 6 7 8 10 12 14 16 18 | 18.6
Fighting       | 4 5 6 7 9 10 12 13 | 13.7
Armour         | 3 4 5 6 7 9 10 12 13 | 13.5
Dodging        | |  2.1

Action                     |  1- 3 |  4- 6 |  7- 9 | 10-12 | 13-15 || total
---------------------------+-------+-------+-------+-------+-------++-------
  Melee: Hand axe          |   116 |   163 |   372 |   671 |    14 ||  1336
         Headbutt          |    14 |    23 |    68 |   172 |     2 ||   279
         Punch             |     1 |       |     3 |     7 |       ||    11
         Whip              |       |       |       |    11 |       ||    11
 Invoke: Trog's Hand       |       |     2 |     7 |    10 |     1 ||    20
         Berserk           |       |     2 |     3 |     7 |       ||    12
         Brothers in Arms  |       |       |       |     3 |     1 ||     4
  Evoke: Wand              |       |     3 |       |       |       ||     3
    Use: Scroll            |       |     9 |     6 |     8 |     2 ||    25
         Potion            |       |       |       |     1 |       ||     1
 Armour: Chain mail        |    61 |       |       |       |       ||    61
         Animal skin       |     1 |       |       |       |       ||     1
         Ring mail         |     6 |    66 |    64 |       |       ||   136
         Plate armour      |       |       |   154 |   364 |    42 ||   560
  Dodge: Dodged            |    46 |    81 |   167 |   218 |    11 ||   523

Table legend: (Time is in decaauts)
 A = Elapsed time spent in this place.
 B = Non-inter-level travel time spent in this place.
 C = Inter-level travel time spent in this place.
 D = Time resting spent in this place.
 E = Time spent auto-exploring this place.
 F = Levels seen in this place.
 G = Mean time per level.
                   A        B        C        D        E       F      G
               +--------+--------+--------+--------+--------+-----+--------+
         Total |  15441 |  14857 |    584 |   2379 |   9775 |  16 |  965.1 |
       Dungeon |  11751 |  11323 |    428 |   1594 |   7562 |  12 |  979.2 |
        Temple |    167 |    153 |     14 |      0 |    147 |   1 |  167.0 |
          Lair |   3522 |   3380 |    142 |    785 |   2066 |   3 | 1174.0 |
               +--------+--------+--------+--------+--------+-----+--------+

Top non-repeatable levels by time:
     D:7: 1948 daAuts
  Lair:1: 1822 daAuts
     D:9: 1458 daAuts
    D:11: 1250 daAuts
     D:8: 1227 daAuts
     D:6: 1128 daAuts
     D:5: 1064 daAuts
     D:3: 1021 daAuts
  Lair:2: 960 daAuts
  Lair:3: 739 daAuts
     D:1: 736 daAuts
    D:10: 693 daAuts
     D:4: 646 daAuts
     D:2: 567 daAuts
  Temple: 167 daAuts
